 Dungeon Crawl Stone Soup version 0.20.1-1-g8b1a95d (webtiles) character file.

522 Mitsuki the Transmogrifier (level 7, -4/48 HPs)
             Began as a Merfolk Transmuter on Oct 15, 2017.
             Was a Follower of Okawaru.
             Slain by Peloso's ghost (7 damage)
             ... on level 4 of the Dungeon.
             The game lasted 00:22:41 (6160 turns).

Mitsuki the Transmogrifier (Merfolk Transmuter)     Turns: 6160, Time: 00:22:41

Health: -4/48      AC:  3    Str: 11    XL:     7   Next: 22%
Magic:  10/10      EV: 13    Int: 14    God:    Okawaru [*.....]
Gold:   180        SH:  0    Dex: 14    Spells: 4/10 levels left

rFire    + . .     SeeInvis .     - Unarmed
rCold    . . .     Gourm    .   (no shield)
rNeg     . . .     Faith    .   r - +0 leather armour {rF+}
rPois    .         Spirit   .   (no helmet)
rElec    .         Reflect  .   (no cloak)
rCorr    .         Harm     .   (no gloves)
MR       .....                  (no boots)
Stlth    +.........             (no amulet)
Regen    0.2/turn               (no ring)
MPRegen  0.2/turn               (no ring)

@: lethally poisoned (-4 -> -5), appendage (expiring)
A: change form in water, swift swim, stealthy swim, horns 2
a: End Transformation, Heroism, Renounce Religion


You were on level 4 of the Dungeon.
You worshipped Okawaru.
Okawaru was aware of your devotion.
You were not hungry.
You had grown temporary horns.
You visited 1 branch of the dungeon, and saw 4 of its levels.

You collected 180 gold pieces.

Inventory:

Missiles
 a - 32 arrows
Armour
 i - a +0 robe of positive energy
 r - a +0 leather armour of fire resistance (worn)
Scrolls
 b - a scroll of amnesia {unknown}
 e - a scroll of enchant weapon {unknown}
 f - 2 scrolls of identify {unknown}
 h - 4 scrolls of remove curse {unknown}
 j - 2 scrolls of blinking {unknown}
 k - a scroll of magic mapping {unknown}
 m - a scroll of recharging {unknown}
Potions
 g - 2 potions of haste {unknown}
 l - a potion of brilliance {unknown}
 p - a potion of mutation {unknown}
Books
 c - a book of Changes

   Spells                             Type                      Level
   a - Beastly Appendage              Transmutation                1
   b - Sticks to Snakes               Transmutation                2
   c - Spider Form                    Transmutation/Poison         3
   d - Ice Form                       Ice/Transmutation            4
   e - Blade Hands                    Transmutation                5
 o - a book of Clouds

   Spells                             Type                      Level
   a - Poisonous Vapours              Poison/Air                   2
   b - Mephitic Cloud                 Conjuration/Poison/Air       3
   c - Conjure Flame                  Conjuration/Fire             3
   d - Freezing Cloud                 Conjuration/Ice/Air          6
   e - Ring of Flames                 Charms/Fire                  7
Comestibles
 d - 4 bread rations
 n - a meat ration


   Skills:
 - Level 1.4 Fighting
 - Level 3.2 Dodging
 + Level 4.4 Unarmed Combat
 - Level 2.3 Spellcasting
 + Level 8.9 Transmutations


You had 4 spell levels left.
You knew the following spells:

 Your Spells              Type           Power        Failure   Level  Hunger
a - Beastly Appendage     Tmut           ####..       1%          1    #......
b - Spider Form           Tmut/Pois      ##........   14%         3    ###....
c - Sticks to Snakes      Tmut           ####....     1%          2    ###....


Dungeon Overview and Level Annotations

Branches:
Dungeon (4/15)
 Temple: D:4-7

Altars:
Cheibriados
Dithmenos
Gozag
Hepliaklqana
Nemelex Xobeh
Okawaru
Ru
Sif Muna
Zin

Annotations:
D:4 Peloso's ghost, amateur DsFi


Innate Abilities, Weirdness & Mutations

You revert to your normal form in water.
You are very nimble and swift while swimming.
You are very stealthy in the water. (Stealth+)
You have a pair of horns on your head.


Message History

The adder barely misses you. Peloso's ghost hits you!
* * * LOW HITPOINT WARNING * * *
The adder bites you.
* * * LOW HITPOINT WARNING * * *
You take 9 damage, and have 8/48 hp.
You hit the adder but do no damage. Your headbutt misses the adder.
The adder is almost dead.
You feel sick. The adder bites you but does no damage. Peloso's ghost hits you.
* * * LOW HITPOINT WARNING * * *
You take 5 damage, and have 3/48 hp.
You hit the adder. Your headbutt misses the adder.
The adder is almost dead.
Your transformation is almost over.
The adder barely misses you.
You hit the adder.
You kill the adder!
Okawaru accepts your kill. Peloso's ghost closely misses you.
Peloso's ghost hits you!
You die...

########### ######
#.........# #.....
#.........# #.....
##.....W...########.....
.......@................
....................#...
........##..........#...
........##..........#...
####....##).........#...
#.....................
......###..........#...
...... #..........#...
#..........#...


You could see Peloso's ghost.

Vanquished Creatures
  Sigmund (D:3)
  A scorpion (D:4)
  An orc priest (D:3)
  A hound (D:3)
  2 orc wizards (D:3)
  Jessica (D:2)
  Ijyb (D:3)
  3 adders
  2 oozes
  4 worms
  4 dart slugs
  3 leopard geckos
  6 orcs (D:3)
  A ball python (D:1)
  4 giant cockroaches
  8 goblins
  9 hobgoblins
  9 jackals (D:1)
  17 bats
  2 frilled lizards
  10 kobolds
  8 rats
98 creatures vanquished.

Notes
Turn   | Place    | Note
-------+----------+-------------------------------------------
     0 | D:1      | Mitsuki the Merfolk Transmuter began the quest for the Orb.
     0 | D:1      | Reached XP level 1. HP: 15/15 MP: 3/3
   112 | D:1      | Reached skill level 3 in Transmutations
   266 | D:1      | Reached XP level 2. HP: 21/21 MP: 5/5
   713 | D:1      | Reached XP level 3. HP: 26/26 MP: 4/6
  1399 | D:1      | Reached skill level 4 in Transmutations
  2404 | D:2      | Found an opulent altar of Gozag.
  2458 | D:2      | Reached XP level 4. HP: 29/32 MP: 1/7
  2598 | D:2      | Found a shadowy altar of Dithmenos.
  3326 | D:2      | Reached skill level 5 in Transmutations
  3460 | D:2      | Noticed Jessica
  3474 | D:2      | Killed Jessica
  3766 | D:2      | Reached XP level 5. HP: 32/37 MP: 6/8
  3810 | D:2      | Found a snail-covered altar of Cheibriados.
  3811 | D:2      | Found a glowing silver altar of Zin.
  4110 | D:2      | Found an iron altar of Okawaru.
  4111 | D:2      | Found a sparkling altar of Nemelex Xobeh.
  4212 | D:2      | Became a worshipper of Warmaster Okawaru
  4217 | D:2      | Learned a level 3 spell: Spider Form
  4305 | D:3      | Reached skill level 6 in Transmutations
  4587 | D:3      | Noticed Ijyb
  4603 | D:3      | Killed Ijyb
  4804 | D:3      | Reached XP level 6. HP: 39/43 MP: 9/9
  5005 | D:3      | Found a deep blue altar of Sif Muna.
  5020 | D:3      | Reached skill level 7 in Transmutations
  5023 | D:3      | Noticed Sigmund
  5068 | D:2      | Found a sacrificial altar of Ru.
  5302 | D:3      | Killed Sigmund
  5302 | D:3      | Reached * piety under Okawaru
  5302 | D:3      | Reached skill level 8 in Transmutations
  5302 | D:3      | Reached XP level 7. HP: 8/48 MP: 5/10
  5707 | D:3      | Found a hazy altar of Hepliaklqana.
  5865 | D:3      | Learned a level 2 spell: Sticks to Snakes
  6146 | D:4      | Noticed Peloso's ghost (amateur DsFi)
  6160 | D:4      | Slain by Peloso's ghost

Skill      XL: |  1  2  3  4  5  6 |
---------------+-------------------+-----
Transmutations | 3 4 5 6 8 |  8.9
Dodging        | 3 |  3.2
Unarmed Combat | 4 |  4.4
Fighting       | |  1.4
Spellcasting   | |  2.3

Action                   |  1- 3 |  4- 6 |  7- 9 || total
-------------------------+-------+-------+-------++-------
Melee: Unarmed           |   149 |   248 |    37 ||   434
       Headbutt          |    12 |    12 |     2 ||    26
       Punch             |     2 |     4 |     2 ||     8
 Cast: Beastly Appendage |    35 |    16 |     2 ||    53
       Spider Form       |       |     4 |     3 ||     7
       Sticks to Snakes  |       |       |     1 ||     1
 Stab: Sleeping          |     1 |     1 |       ||     2
  Eat: Chunk             |     5 |    10 |     1 ||    16
       Royal jelly       |       |       |     1 ||     1
       Fruit             |       |       |     1 ||     1
Armor: Robe              |    11 |       |       ||    11
       Leather armour    |    39 |    42 |     7 ||    88
       Skin              |       |       |     1 ||     1
Dodge: Dodged            |   136 |   166 |    19 ||   321
